 Dungeon Crawl Stone Soup version 0.30-a0-371-gad7725a (webtiles) character file.

Game seed: 11243685358820218280

3493 Dorkslayer the Spear-Bearer (level 10, -2/77 HPs)
             Began as a Merfolk Fighter on Nov 22, 2022.
             Was an Initiate of Gozag.
             Engulfed by a steam dragon's steam (15 damage)
             ... on level 8 of the Dungeon.
             The game lasted 00:19:36 (6952 turns).

Dorkslayer the Spear-Bearer (Merfolk Fighter)       Turns: 6952, Time: 00:19:36

Health: -2/77      AC: 19    Str: 22    XL:     10   Next: 7%
Magic:  10/10      EV:  7    Int:  7    God:    Gozag
Gold:   438        SH:  5    Dex: 13    Spells: 9/9 levels left

rFire   . . .      SeeInvis .    a - +0 trident
rCold   . . .      Faith    .    c - +0 buckler
rNeg    . . .      Spirit   .    x - +0 plate armour
rPois   .          Reflect  .    (no helmet)
rElec   .          Harm     .    v - +0 cloak
rCorr   .          Rampage  .    b - +1 pair of gloves
Will    .....                    (no boots)
Stlth   ..........               (no amulet)
HPRegen 0.32/turn                g - +4 ring of protection
MPRegen 0.12/turn                i - ring of flight

@: flying
A: (nimble swimmer 2), mertail
a: Renounce Religion, Potion Petition, Call Merchant, Bribe Branch


You were on level 8 of the Dungeon.
You worshipped Gozag.
Gozag was aware of your devotion.
You visited 2 branches of the dungeon, and saw 9 of its levels.
You also visited: Ossuary.

You collected 588 gold pieces.
You paid 150 gold pieces to Gozag.

Inventory:

Hand Weapons
 a - a +0 trident (weapon)
 y - a +3 scimitar
Missiles
 l - a boomerang (quivered)
 m - a curare-tipped dart
Armour
 b - a +1 pair of gloves (worn)
 c - a +0 buckler (worn)
 v - a +0 cloak (worn)
 x - a +0 plate armour (worn)
Jewellery
 g - a +4 ring of protection (left hand)
 i - a ring of flight (right hand)
Wands
 o - a wand of flame (10)
 B - a wand of polymorph (14)
Scrolls
 f - 4 scrolls of teleportation
 j - 2 scrolls of poison
 p - a scroll of fear
 t - a scroll of immolation
 u - a scroll of enchant armour
Potions
 d - 2 potions of flight
 e - 3 potions of invisibility
 h - 4 potions of brilliance
 k - a potion of mutation
 n - a potion of ambrosia {unknown}
 r - 2 potions of curing
 s - 3 potions of resistance
 w - 2 potions of degeneration {unknown}
 z - 2 potions of might
 A - a potion of magic {unknown}


   Skills:
 + Level 6.3 Fighting
 + Level 11.2 Polearms
 + Level 0.4 Throwing
 + Level 5.0 Armour
 + Level 3.7 Dodging
 + Level 0.2 Stealth
 + Level 5.4 Shields
 * Level 5.8 Evocations


You had 9 spell levels left.
You didn't know any spells.
Your spell library contained the following spells:

 Spells                   Type           Power      Damage    Failure   Level
 Static Discharge         Conj/Air       0%         2-2/arc   100%        2
 Dazzling Flash           Conj/Hex       0%         N/A       100%        3
 Inner Flame              Hex/Fire       0%         N/A       100%        3
 Tukima's Dance           Hex            0%         N/A       100%        3
 Vhi's Electric Charge    Tloc/Air       0%         N/A       100%        3
 Flame Wave               Conj/Fire      0%         2d4       100%        4
 Iskenderun's Mystic Bla  Conj/Tloc      0%         2d3       100%        4
 Passage of Golubria      Tloc           0%         N/A       100%        4
 Sticky Flame             Conj/Fire      0%         2d3       100%        4
 Arcjolt                  Conj/Air       0%         1d10      100%        5
 Lightning Bolt           Conj/Air       0%         1d11      100%        5
 Yara's Violent Unravell  Hex/Tmut       0%         3d3       100%        5
 Starburst                Conj/Fire      0%         6d3       100%        6


Dungeon Overview and Level Annotations

Branches:
Dungeon (8/15)             Temple (1/1) D:5            Lair (0/5) D:8
Ossuary (visited)

Altars:
Ashenzari
Cheibriados
Dithmenos
Elyvilon
Gozag
Hepliaklqana
Kikubaaqudgha
Makhleb
Nemelex Xobeh
Okawaru
Qazlal
Sif Muna
Trog
Uskayaw
Vehumet
Xom
Yredelemnul
The Shining One

Shops:
D:1 :?[


Innate Abilities, Weirdness & Mutations

((You are very nimble when in or above water. (Stealth+, EV+, Speed+++)))
Your lower body shifts to a powerful aquatic tail in water.


Message History

The steam dragon is heavily wounded.
The steam dragon bites you but does no damage.
The steam dragon barely misses you.
You completely miss the steam dragon.
The steam dragon is heavily wounded.
The steam dragon bites you. The steam dragon claws you.
You completely miss the steam dragon.
The steam dragon is heavily wounded.
You block the steam dragon's attack.
The steam dragon claws you but does no damage.
You hit the steam dragon but do no damage.
The steam dragon is heavily wounded.
You hit the steam dragon.
The steam dragon is heavily wounded.
The steam dragon bites you!
The steam dragon claws you but does no damage.
You hit the steam dragon.
The steam dragon is severely wounded.
The steam dragon bites you but does no damage.
You block the steam dragon's attack.
You hit the steam dragon but do no damage.
The steam dragon is severely wounded.
The steam dragon bites you but does no damage.
The steam dragon barely misses you.
You closely miss the steam dragon.
The steam dragon is severely wounded.
You closely miss the steam dragon.
The steam dragon is severely wounded.
The steam dragon breathes steam at you. The ball of steam hits you!
* * * LOW HITPOINT WARNING * * *
You closely miss the steam dragon.
The steam dragon is severely wounded.
You are engulfed in a cloud of scalding steam.
* * * LOW HITPOINT WARNING * * *
The steam dragon barely misses you. The steam dragon closely misses you.
You feel better.
You are engulfed in a cloud of scalding steam.
You die...
Your body crumbles into a pile of gold.

********* **8,,...8#*
###**,,,,.....#*
..#*,,,,,.....$#*
.##,,,~~~.≈≈≈...##
##,,,~~,,...≈≈...##
#,,,~~,,**#..≈≈...##
8,,~~,,** *#..≈D..8#
,,,~,,** *#..≈@..###
,,,~,** ##.≈..[§.#
,,,,,* #....§'.#
,,,~,** *#.≈...§.#
,,,~,,** *#..≈...#.#
8,,~~,,** *#..≈≈..8#.#
#,,,~~,,**#..≈≈...##.#
##,,,~~,,,..≈≈...###.#
.##,,,~~~,≈≈≈...#* #.#


You could see a steam dragon.

Vanquished Creatures
  Pikel (D:5)
  A komodo dragon (D:8)
  A wyvern (D:7)
  2 wraiths (Ossuary)
  A steam dragon (D:8)
  2 ice beasts
  A sky beast (D:8)
  2 centaurs
  An ogre (D:1)
  3 lemures (D:5)
  A phantom (D:4)
  A kobold brigand (D:7)
  6 bullfrogs
  A necrophage (D:7)
  7 wights
  A centaur zombie (Ossuary)
  2 jellies
  A gnoll bouda (D:8)
  4 hounds
  Crazy Yiuf (D:7)
  2 orc priests
  6 orc wizards
  2 iguanas
  4 gnolls (D:8)
  6 adders
  A shadow imp (D:8)
  3 white imps
  An ufetubus (D:5)
  An adder zombie (Ossuary)
  A worm (D:3)
  4 dart slugs
  15 orcs
  7 endoplasms
  A giant cockroach (D:1)
  7 goblins
  4 hobgoblins
  2 jackals (D:3)
  5 quokkas
  9 ball pythons
  A ball python skeleton (Ossuary)
  6 bats
  2 frilled lizards
  A hobgoblin skeleton (Ossuary)
  A hobgoblin zombie (Ossuary)
  14 kobolds
  2 kobold zombies (Ossuary)
  An orc skeleton (Ossuary)
  3 rats
  A butterfly (D:5)
153 creatures vanquished.

Vanquished Creatures (others)
  4 plants (D:8)
4 creatures vanquished.

Grand Total: 157 creatures vanquished

Notes
Turn   | Place    | Note
-------+----------+-------------------------------------------
     0 | D:1      | Dorkslayer the Merfolk Fighter began the quest for the Orb.
     0 | D:1      | Reached XP level 1. HP: 18/18 MP: 1/1
    51 | D:1      | Found Fyuddof's Book Boutique.
   149 | D:1      | Reached XP level 2. HP: 18/24 MP: 2/2
   404 | D:1      | Reached skill level 1 in Dodging
   426 | D:1      | Reached skill level 3 in Polearms
   549 | D:1      | Found Hadd's Magic Scroll Emporium.
   565 | D:1      | Found Noiski's Armour Shop.
   666 | D:1      | Reached XP level 3. HP: 29/29 MP: 3/3
   964 | D:2      | Noticed an ogre
   978 | D:1      | Killed an ogre
   979 | D:1      | Reached skill level 4 in Polearms
   979 | D:1      | Reached XP level 4. HP: 37/37 MP: 4/4
  1000 | D:2      | Reached XP level 5. HP: 42/42 MP: 5/5
  1816 | D:3      | Reached skill level 1 in Evocations
  2282 | D:4      | Reached skill level 5 in Polearms
  2282 | D:4      | Reached XP level 6. HP: 48/48 MP: 6/6
  2604 | D:4      | Found a bloodstained altar of Trog.
  3095 | D:5      | Entered Level 5 of the Dungeon
  3164 | D:5      | Reached skill level 6 in Polearms
  3164 | D:5      | Reached XP level 7. HP: 47/54 MP: 7/7
  3296 | D:5      | Found a staircase to the Ecumenical Temple.
  3306 | Temple   | Entered the Ecumenical Temple
  3516 | D:5      | Reached skill level 7 in Polearms
  3745 | D:5      | Noticed Pikel
  3755 | D:5      | Killed Pikel
  3756 | D:5      | Reached skill level 8 in Polearms
  3756 | D:5      | Reached XP level 8. HP: 48/61 MP: 8/8
  4197 | D:6      | Found a broken altar of Ashenzari.
  4331 | D:6      | Reached skill level 5 in Fighting
  4658 | D:7      | Noticed a wyvern
  4676 | D:7      | Killed a wyvern
  4677 | D:7      | Reached skill level 9 in Polearms
  4677 | D:7      | Reached XP level 9. HP: 34/68 MP: 9/9
  4773 | D:7      | Found a shadowy altar of Dithmenos.
  4776 | D:7      | Found a shimmering altar of Xom.
  4780 | D:7      | Found a stormy altar of Qazlal.
  4781 | D:7      | Found an ancient bone altar of Kikubaaqudgha.
  4782 | D:7      | Found an iron altar of Okawaru.
  5087 | D:7      | Found a runed translucent door.
  5088 | D:7      | Noticed Crazy Yiuf
  5095 | D:7      | Killed Crazy Yiuf
  5302 | D:7      | Reached skill level 5 in Evocations
  5682 | D:8      | Found a sand-covered staircase.
  5690 | Ossuary  | Entered an ossuary
  5800 | Ossuary  | Reached skill level 5 in Shields
  5893 | Ossuary  | Reached skill level 10 in Polearms
  6128 | D:8      | Found a staircase to the Lair.
  6129 | D:8      | Noticed a komodo dragon
  6176 | D:8      | Killed a komodo dragon
  6396 | D:8      | Found an opulent altar of Gozag.
  6400 | D:8      | Became a worshipper of Gozag Ym Sagoz the Greedy
  6469 | D:8      | Reached skill level 11 in Polearms
  6519 | D:8      | Reached XP level 10. HP: 59/76 MP: 10/10
  6584 | D:8      | Reached skill level 5 in Armour
  6952 | D:8      | Engulfed by a steam dragon's steam

Illustrated notes

Levels and vault maps discovered:
D:1:      mrwooster_arrival_statue_2, layout_loops_corners, serial_shops,
          nicolae_shop_hallway_plus, nicolae_diamond_shop,
          nicolae_shop_advertising_works [nicolae_subvault_shop_adworks],
          minmay_door_square
D:2:      cheibrodos_helix_gallery, layout_rooms
D:3:      layout_loops_corners, chequers_serial_rivers_micro_a
D:4:      layout_loops_corners, trog_hazing_becter, minmay_misc_feat_hallway
D:5:      layout_loops_cross, minmay_temple_entry_butterflies,
          kennysheep_windowed_goal, uniq_pikel
D:6:      layout_cave_pools, cheibrodos_ashenzari_chains,
          chequers_serial_rivers_micro_d
D:7:      layout_rooms, minitemple, serial_co_window_serial, co_window_cross_1,
          co_window_corner_a, co_window_of_opportunity_a, co_window_paths_a,
          co_window_of_opportunity_a, co_window_of_opportunity_c,
          co_window_of_opportunity_b, co_window_unsneaky_path_d,
          co_window_2corner, co_window_broadway_c, co_window_paths_e,
          glass_columns_a, glass_columns_a, glass_columns_c,
          uniq_crazy_yiuf_cottage
D:8:      layout_basic, mainiacjoe_overflow_brackets, david_lair_shrubbed,
          nicolae_ossuary_entry_plus, minivault_24, kennysheep_donut
Temple:   compressed_dpeg_circular_temple

Skill      XL: |  1  2  3  4  5  6  7  8  9 10 |
---------------+-------------------------------+-----
Dodging        | 1 2 3 |  3.7
Polearms       | 3 4 5 6 8 9 11 | 11.2
Evocations     | 1 2 3 4 5 |  5.8
Fighting       | 4 5 6 |  6.3
Armour         | 3 4 5 |  5.0
Shields        | 4 5 |  5.4
Throwing       | |  0.4
Stealth        | |  0.2

Action                   |  1- 3 |  4- 6 |  7- 9 | 10-12 || total
-------------------------+-------+-------+-------+-------++-------
Melee: Trident           |    57 |   157 |   423 |    34 ||   671
Throw: Dart              |       |       |     4 |     1 ||     5
       Boomerang         |       |       |       |     2 ||     2
Evoke: Wand              |       |       |    10 |     3 ||    13
  Use: Potion            |     1 |       |     7 |     1 ||     9
       Scroll            |       |     4 |    11 |     2 ||    17
Armor: Scale mail        |    14 |    13 |       |       ||    27
       Chain mail        |       |    56 |    81 |       ||   137
       Plate armour      |       |       |   114 |    27 ||   141
Dodge: Dodged            |    21 |    54 |   118 |    13 ||   206
Block: Buckler           |     4 |    24 |    74 |    15 ||   117

Table legend: (Time is in decaauts)
 A = Elapsed time spent in this place.
 B = Non-inter-level travel time spent in this place.
 C = Inter-level travel time spent in this place.
 D = Time resting spent in this place.
 E = Time spent auto-exploring this place.
 F = Levels seen in this place.
 G = Mean time per level.
                   A        B        C        D        E       F      G
               +--------+--------+--------+--------+--------+-----+--------+
         Total |   6909 |   6909 |      0 |      0 |   3913 |  10 |  690.9 |
       Dungeon |   6473 |   6473 |      0 |      0 |   3840 |   8 |  809.1 |
        Temple |     67 |     67 |      0 |      0 |      0 |   1 |   67.0 |
       Ossuary |    368 |    368 |      0 |      0 |     73 |   1 |  368.0 |
               +--------+--------+--------+--------+--------+-----+--------+

Top non-repeatable levels by time:
     D:5: 1013 daAuts
     D:7: 1010 daAuts
     D:1: 982 daAuts
     D:4: 948 daAuts
     D:8: 892 daAuts
     D:3: 810 daAuts
     D:6: 440 daAuts
     D:2: 376 daAuts
 Ossuary: 368 daAuts
  Temple: 67 daAuts
